 Dungeon Crawl Stone Soup version 0.27.1-35-g4d5d836560 (webtiles) character file.

Game seed: 2479777515438130942

358 Delamore the Sneak (level 6, -1/58 HPs)
             Began as an Octopode Brigand on May 16, 2022.
             Slain by an endoplasm (3 damage)
             ... while paralysed by Grinder
             ... on level 4 of the Dungeon.
             The game lasted 00:04:08 (4015 turns).

Delamore the Sneak (Octopode Brigand)               Turns: 4015, Time: 00:04:08

Health: -1/58      AC:  1    Str: 11    XL:     6   Next: 64%
Magic:  6/6        EV:  2    Int: 13    God:
Gold:   167        SH:  0    Dex: 21    Spells: 5/5 levels left

rFire    . . .     SeeInvis .   h - +0 dagger (freeze)
rCold    . . .     Faith    .   (no shield)
rNeg     . . .     Spirit   .   (helmet restricted)
rPois    .         Reflect  +   o - amulet of reflection
rElec    .         Harm     .   m - +6 ring of dexterity
rCorr    .         Rampage  .   (no ring)
Will     .....                  (no ring)
Stlth    ..........             (no ring)
HPRegen  0.19/turn              (no ring)
MPRegen  0.10/turn              (no ring)
                                (no ring)
                                (no ring)

@: paralysed, berserking
A: almost no armour, amphibious, 8 rings, camouflage 1, gelatinous body 1,
(nimble swimmer 1), tentacles
a: no special abilities


You were on level 4 of the Dungeon.
You visited 1 branch of the dungeon, and saw 4 of its levels.
You also visited: Sewer.

You collected 167 gold pieces.

Inventory:

Hand Weapons
 a - a +2 dagger
 h - a +0 dagger of freezing (weapon)
Missiles
 b - 15 poisoned darts (quivered)
Jewellery
 m - a +6 ring of dexterity (left tentacle)
 o - an amulet of reflection (around mantle)
Wands
 q - a wand of iceblast (6)
Scrolls
 d - 4 scrolls of teleportation
 e - a scroll of vulnerability
 g - a scroll of enchant weapon
 i - a scroll of enchant armour
Potions
 f - 2 potions of curing
 j - a potion of attraction {unknown}
 k - a potion of mutation {unknown}
 p - a potion of degeneration {unknown}


   Skills:
 - Level 2.0 Fighting
 * Level 5.5 Short Blades
 + Level 4.0 Throwing
 - Level 1.0 Dodging
 - Level 6.0 Stealth


You had 5 spell levels left.
You didn't know any spells.
Your spell library contained the following spells:

 Spells                   Type           Power      Damage    Failure   Level
 Corpse Rot               Necr/Air       N/A        N/A       43%         2
 Poisonous Vapours        Pois/Air       0%         N/A       43%         2
 Freezing Cloud           Conj/Ice/Air   0%         6-21      100%        5


Dungeon Overview and Level Annotations

Branches:
Dungeon (4/15)              Sewer (visited)
 Temple: D:4-7

Altars:

Annotations:
D:4 Grinder


Innate Abilities, Weirdness & Mutations

You cannot wear most types of armour.
You are amphibious.
You can wear up to eight rings at the same time.
Your skin changes colour to match your surroundings (Stealth+).
Your rubbery body absorbs attacks. (AC +1, EV +1)
((You are camouflaged near water. (Stealth+)))
You have tentacles for arms and can constrict up to eight enemies at once.


Message History

The mass of ice explodes!
The iceblast engulfs Grinder!
Grinder partially resists.
Grinder is moderately wounded.
The howler monkey howls!
The howler monkey hoots and howls with incredible vigour!
Grinder gestures at you.
You suddenly lose the ability to move!
An endoplasm comes into view.
Grinder hits you!
You writhe in agony.
Grinder hits you.
You writhe in agony.
Grinder hits you.
The howler monkey hoots and howls with incredible vigour!
Grinder hits you.
You writhe in agony.
* * * LOW HITPOINT WARNING * * *
The howler monkey hits you!
* * * LOW HITPOINT WARNING * * *
You can move again.
Okay, then.
Okay, then.
It was a potion of curing.
You feel better.
Grinder blinks!
The howler monkey hits you.
* * * LOW HITPOINT WARNING * * *
A red film seems to cover your vision as you go berserk!
You feel yourself moving faster!
You feel mighty! The howler monkey barely misses you. Grinder gestures at you.
You suddenly lose the ability to move!
A necrophage comes into view.
The howler monkey hits you.
* * * LOW HITPOINT WARNING * * *
The endoplasm hits you but does no damage.
The howler monkey hits you.
* * * LOW HITPOINT WARNING * * *
The endoplasm freezes you.
You are frozen.
* * * LOW HITPOINT WARNING * * *
The howler monkey hits you.
* * * LOW HITPOINT WARNING * * *
The endoplasm hits you.
You die...

#........#
##.(......#
#.........#
#.[.....$.#
#.........#
#.........# #
#.....h5###....
##....).@J.$n#
######†.....#######
#..<..#######
#...### #..## ##..#
#..## ##.# ###


You could see Grinder, a necrophage, a howler monkey and an endoplasm.

Vanquished Creatures
  Purgy (Sewer)
  Crazy Yiuf (D:3)
  Ijyb (D:3)
  Natasha (D:4)
  Robin (D:3)
  3 gnolls
  3 adders
  2 river rats (D:3)
  A worm (D:3)
  3 dart slugs (D:2)
  2 orcs
  6 ball pythons
  10 bats
  6 endoplasms
  A giant cockroach (D:1)
  14 goblins
  12 hobgoblins
  6 kobolds
  3 quokkas
  2 frilled lizards
  8 rats
87 creatures vanquished.

Notes
Turn   | Place    | Note
-------+----------+-------------------------------------------
     0 | D:1      | Delamore the Octopode Brigand began the quest for the Orb.
     0 | D:1      | Reached XP level 1. HP: 14/14 MP: 1/1
    46 | D:1      | Reached XP level 2. HP: 9/19 MP: 2/2
   674 | D:1      | Reached XP level 3. HP: 17/24 MP: 3/3
  1675 | D:2      | Reached skill level 6 in Stealth
  1675 | D:2      | Reached XP level 4. HP: 29/29 MP: 4/4
  1855 | D:2      | Found a faded altar of an unknown god.
  2053 | D:3      | Found a runed translucent door.
  2054 | D:3      | Noticed Crazy Yiuf
  2130 | D:3      | Found a glowing drain.
  2137 | Sewer    | Entered a sewer
  2161 | Sewer    | Noticed Purgy
  2177 | Sewer    | Killed Purgy
  2178 | Sewer    | Reached XP level 5. HP: 17/34 MP: 5/5
  2645 | D:3      | Noticed Ijyb
  2647 | D:3      | Killed Ijyb
  2648 | D:3      | Reached XP level 6. HP: 39/39 MP: 6/6
  2808 | D:3      | Noticed Robin
  2821 | D:3      | Reached skill level 5 in Short Blades
  3213 | D:3      | Killed Robin
  3407 | D:3      | Killed Crazy Yiuf
  3895 | D:4      | Noticed Natasha
  3897 | D:4      | Noticed Grinder
  3911 | D:4      | Killed Natasha
  4004 | D:4      | Paralysed by Grinder for 7 turns
  4012 | D:4      | Paralysed by Grinder for 7 turns
  4012 | D:4      | Noticed a necrophage
  4014 | D:4      | HP: 2/58 [howler monkey (3)]
  4015 | D:4      | Slain by an endoplasm

Illustrated notes

Levels and vault maps discovered:
D:1:      giann_bridges, layout_loops_ring
D:2:      layout_basic, serial_rivers, chequers_serial_rivers_large_a,
          chequers_serial_rivers_large_b, chequers_serial_rivers_micro_b,
          chequers_serial_rivers_micro_a, chequers_serial_rivers_micro_e,
          shapermc_ecumenical_altar_hornbeckon, kennysheep_generic_room_5
D:3:      layout_loops_ring, lightli_sewer_entry_pipes, uniq_ijyb,
          uniq_crazy_yiuf_cottage, uniq_robin
D:4:      layout_cave_pods, minmay_temple_entry_junction, uniq_edmund,
          uniq_natasha, uniq_grinder

Skill      XL: |  1  2  3  4  5  6 |
---------------+-------------------+-----
Short Blades   | 3 4 5 |  5.5
Stealth        | 6 |  6.0
Throwing       | 3 4 |  4.0
Fighting       | |  2.0
Dodging        | |  1.0

Action                   |  1- 3 |  4- 6 || total
-------------------------+-------+-------++-------
Melee: Dagger            |    79 |    80 ||   159
       Constrict         |    19 |    18 ||    37
       Tentacles         |    11 |    22 ||    33
Throw: Dart              |     2 |     9 ||    11
Evoke: Wand              |       |     3 ||     3
  Use: Scroll            |       |     4 ||     4
       Potion            |       |     2 ||     2
 Stab: Sleeping          |    17 |    14 ||    31
Armor: Skin              |     7 |     2 ||     9
Dodge: Dodged            |    35 |    45 ||    80
Block: Other             |       |     9 ||     9
